 Dungeon Crawl Stone Soup version 0.30.0-5-g1a98f26d00 (webtiles) character file.

Game seed: 8478936212026031456

3272 AiryTheDragon the Twirler (level 9, -23/108 HPs)
             Began as a Purple Draconian Air Elementalist on May 11, 2023.
             Was a Priest of Trog.
             Annihilated by an orc warlord
             ... wielding a +4 broad axe
              (30 damage)
             ... in a bailey on May 12, 2023.
             The game lasted 01:44:05 (7273 turns).

AiryTheDragon the Twirler (DrAE)                    Turns: 7273, Time: 01:44:05

Health: -23/108    AC: 13    Str: 13    XL:     9   Next: 68%
Magic:  14/14      EV: 13    Int: 16    God:    Trog [***...]
Gold:   430        SH:  0    Dex: 13    Spells: 9/15 levels left

rFire   . . .        M - +4 war axe (venom)
rCold   . . .        (no shield)
rNeg    . . .        (body armour unavailable)
rPois   +            (helmet restricted)
rElec   .            R - +2 cloak {Stlth+}
rCorr   .            f - +2 pair of gloves
SInv    .            (no boots)
Will    +....        j - amulet of regeneration Stlth
                     q - ring of poison resistance
HPRegen 1.18/turn    (no ring)
MPRegen 0.14/turn

%: no passive effects
@: berserking (expiring), very quick
A: breathe power, AC +7, unfitting armour, cold-blooded
a: Breathe Dispelling Energy, Renounce Religion, Berserk, Trog's Hand


You were in a bailey.
You worshipped Trog.
Trog was most pleased with you.
You visited 2 branches of the dungeon, and saw 9 of its levels.
You also visited: Bailey.

You collected 430 gold pieces.

Inventory:

Hand Weapons
 g - a +5 flail
 h - a +3 quarterstaff of chaos
 i - a +4 falchion of freezing
 x - a +0 sling of flaming
 z - a +3 dagger
 C - a +1 flail of holy wrath
 E - a +2 vampiric spear
 G - a +4 rapier
 I - a +0 dagger of distortion
 M - a +4 war axe of venom (weapon)
Missiles
 e - 24 poisoned darts
 n - 4 javelins
 y - 2 atropa-tipped darts
 A - 18 boomerangs
 L - 2 silver boomerangs
Armour
 f - a +2 pair of gloves (worn)
 R - a +2 cloak of stealth (worn)
Magical Staves
 b - a staff of air
Jewellery
 j - an amulet of regeneration (around neck)
 q - a ring of poison resistance (left hand)
 s - a ring of wizardry
Wands
 c - a wand of flame (6)
 w - a wand of paralysis (5)
Scrolls
 d - a scroll of amnesia {unknown}
 k - 2 scrolls of enchant armour
 l - 2 scrolls of fog
 m - 2 scrolls of immolation
 r - a scroll of blinking
 t - 3 scrolls of fear
 F - 5 scrolls of teleportation
 H - a scroll of enchant weapon {unknown}
Potions
 a - 2 potions of magic
 o - 6 potions of curing
 u - 4 potions of might
 v - a potion of haste
 D - a potion of heal wounds
 N - a potion of berserk rage
 O - a potion of resistance


   Skills:
 + Level 4.4 Fighting
 * Level 5.2 Axes
 + Level 7.3 Staves
 + Level 4.3 Throwing
 + Level 4.8 Dodging
 + Level 4.3 Stealth
 - Level 3.7 Spellcasting
 - Level 1.5 Conjurations
 - Level 4.0 Air Magic
 + Level 0.8 Evocations


You had 9 spell levels left.
You knew the following spells:

 Your Spells              Type           Power      Damage    Failure   Level
a - Shock                 Conj/Air       44%        1d5       5%          1
b - Static Discharge      Conj/Air       22%        2-3/arc   9%          2
c - Swiftness             Air            15%        N/A       10%         3

Your spell library contained the following spells:

 Spells                   Type           Power      Damage    Failure   Level
 Sandblast                Erth           6%         2d5       17%         1
 Ensorcelled Hibernation  Hex/Ice        6%         N/A       26%         2
 Passwall                 Tmut/Erth      2%         N/A       26%         2
 Airstrike                Air            7%         2d(2-18)  32%         4
 Stone Arrow              Conj/Erth      10%        3d7       36%         3
 Spider Form              Tmut/Pois      3%         N/A       45%         3
 Anguish                  Hex/Necr       1%         N/A       86%         4


Dungeon Overview and Level Annotations

Branches:
Dungeon (8/15)             Temple (1/1) D:5          Bailey (1/1)
   Lair: D:8-11

Altars:
Ashenzari
Dithmenos
Elyvilon
Fedhas
Gozag
Hepliaklqana
Kikubaaqudgha
Makhleb
Nemelex Xobeh
Okawaru
Qazlal
Ru
Sif Muna
Trog
Uskayaw
Vehumet
Wu Jian
Xom
Zin

Shops:
D:8 :

Annotations:
D:2 Natasha


Innate Abilities, Weirdness & Mutations

You can breathe bolts of dispelling energy.
Your rich purple scales are hard. (AC +7)
You cannot fit into any form of body armour.
You are cold-blooded and may be slowed by cold attacks.


Message History

The orc warlord looks as sick as possible!
The orc warlord is heavily wounded.
The orc warlord completely misses you.
You hit the orc warlord but do no damage.
The orc warlord looks as sick as possible!
The orc warlord is heavily wounded.
The orc warlord hits you with a +4 broad axe!!
You hit the orc warlord but do no damage.
You tail-slap the orc warlord.
The orc warlord is heavily wounded.
The orc warlord hits you with a +4 broad axe!!
* * * LOW HITPOINT WARNING * * *
Unknown command.
You are too berserk!
You hit the orc warlord.
The orc warlord looks as sick as possible!
The orc warlord is heavily wounded.
The orc warlord closely misses you.
You slash the orc warlord!
The orc warlord looks as sick as possible!
The orc warlord is severely wounded.
You hit the orc warlord.
The orc warlord looks as sick as possible!
The orc warlord is severely wounded.
The orc warlord hits you with a +4 broad axe!
* * * LOW HITPOINT WARNING * * *
You slash the orc warlord!
The orc warlord is severely wounded.
The orc warlord hits you with a +4 broad axe!!
* * * LOW HITPOINT WARNING * * *
You are too berserk!
You are too berserk!
You are too berserk!
Unknown command.
You hit the orc warlord but do no damage.
The orc warlord looks as sick as possible!
The orc warlord is severely wounded.
You have got your breath back.
The orc warlord hits you with a +4 broad axe!!
You die...

#..........#~~~~~#)........
#.....†....'.....')...8..8.
#...8......#########.......
##......####~~~#~~~##......
##.....#~~#~.....|~#.....#
##))..#~........?~#....##
#.†.##~8.8...8.8##....#.
#...'~~...((.(.(#.....'.
#...'~~@o..∩....#.....'.
#...'~~.........#.....'.
#...##~8.8...8.8##....#.
##....#~........?~#....##
##.....#~~#~.....|~#.....#
##......####~~~#~~~##......
#...8......#########.......
#.........†).)...'....8..8.
#..........#~~~~~#.........


You could see an orc warlord (extremely poisoned).

Vanquished Creatures
  Maggie (D:6)
  Eustachio (D:5)
  A sky beast (D:8)
  5 orc warriors
  An ice beast (D:6)
  A black bear (D:5)
  3 ogres
  2 kobold brigands
  Blork the orc (D:6)
  2 bullfrogs
  3 scorpions
  4 wights (D:7)
  4 howler monkeys
  2 hounds
  A jelly (D:5)
  Crazy Yiuf (D:2)
  3 orc priests
  2 sleepcaps (D:6)
  A gnoll bouda (D:5)
  Terence (D:3)
  4 iguanas
  Natasha (twice) (D:2)
  5 orc wizards
  11 gnolls
  12 adders
  2 shadow imps
  An ufetubus (D:5)
  3 dart slugs
  35 orcs
  10 ball pythons
  8 bats
  6 endoplasms
  12 giant cockroaches (D:2)
  11 goblins
  6 hobgoblins
  6 quokkas
  2 frilled lizards
  21 kobolds
  4 rats
201 creatures vanquished.

Vanquished Creatures (collateral kills)
  A kobold (D:3)
1 creature vanquished.

Vanquished Creatures (others)
  An orc (D:5)
1 creature vanquished.

Grand Total: 203 creatures vanquished

Notes
Turn   | Place    | Note
-------+----------+-------------------------------------------
     0 | D:1      | AiryTheDragon the Draconian Air Elementalist began the
                  | quest for the Orb.
     0 | D:1      | Reached XP level 1. HP: 14/14 MP: 3/3
   131 | D:1      | Reached XP level 2. HP: 15/20 MP: 5/5
   261 | D:1      | Learned a level 2 spell: Static Discharge
   325 | D:1      | Reached XP level 3. HP: 22/26 MP: 6/6
  1054 | D:2      | Learned a level 3 spell: Swiftness
  1319 | D:2      | Noticed Natasha
  1325 | D:2      | Killed Natasha
  1326 | D:2      | Reached XP level 4. HP: 33/33 MP: 2/8
  1553 | D:2      | Found a runed translucent door.
  1555 | D:2      | Noticed Crazy Yiuf
  1613 | D:2      | Noticed Natasha
  1633 | D:2      | Gained mutation: You passively dampen the noise of your
                  | surroundings. [potion of mutation]
  1636 | D:2      | Killed Natasha
  1637 | D:2      | Reached skill level 1 in Staves
  1661 | D:2      | Noticed Natasha
  1793 | D:2      | Killed Crazy Yiuf
  1794 | D:2      | Reached XP level 5. HP: 5/39 MP: 2/9
  2360 | D:3      | Found a faded altar of an unknown god.
  2368 | D:3      | Prayed at the altar of an unknown god.
  2368 | D:3      | Became a worshipper of Trog the Wrathful
  2368 | D:3      | Reached * piety under Trog
  2465 | D:3      | Noticed Terence
  2470 | D:3      | Killed Terence
  2471 | D:3      | Reached skill level 1 in Throwing
  2739 | D:3      | Found a sparkling altar of Nemelex Xobeh.
  3034 | D:4      | Reached skill level 1 in Fighting
  3243 | D:4      | Found a hazy altar of Hepliaklqana.
  3256 | D:4      | Reached XP level 6. HP: 41/47 MP: 10/10
  3646 | D:4      | Reached skill level 2 in Staves
  4131 | D:5      | Entered Level 5 of the Dungeon
  4138 | D:5      | Reached skill level 3 in Staves
  4138 | D:5      | Your scales start taking on a rich purple colour.
  4138 | D:5      | Reached XP level 7. HP: 36/53 MP: 12/12
  4243 | D:5      | Reached ** piety under Trog
  4380 | D:5      | Reached skill level 4 in Staves
  4485 | D:5      | Lost mutation: You passively dampen the noise of your
                  | surroundings. [potion of mutation]
  4485 | D:5      | Gained mutation: You are robust. (+10% HP) [potion of
                  | mutation]
  4485 | D:5      | Lost mutation: You are robust. (+10% HP) [potion of
                  | mutation]
  4513 | D:5      | Found a staircase to the Ecumenical Temple.
  4532 | Temple   | Entered the Ecumenical Temple
  4768 | D:5      | Found a bloodstained altar of Trog.
  4861 | D:5      | Noticed Eustachio
  4874 | D:5      | Killed Eustachio
  4875 | D:5      | Reached skill level 5 in Staves
  4875 | D:5      | Reached XP level 8. HP: 62/62 MP: 13/13
  4951 | D:6      | Noticed Maggie
  4978 | D:6      | Killed Maggie
  4985 | D:6      | Reached skill level 6 in Staves
  5366 | D:6      | Noticed Blork the orc
  5392 | D:6      | Killed Blork the orc
  5978 | D:6      | Found a burning altar of Makhleb.
  6309 | D:7      | Reached *** piety under Trog
  6310 | D:7      | Reached skill level 1 in Axes
  6337 | D:7      | Reached XP level 9. HP: 71/71 MP: 14/14
  6865 | D:8      | Reached skill level 7 in Staves
  6901 | D:8      | Noticed a deep elf pyromancer
  6904 | D:8      | Found Voiparar's Book Boutique.
  7040 | D:8      | Found a flagged portal.
  7054 | Bailey   | Entered a bailey
  7063 | Bailey   | Noticed an orc warlord
  7123 | Bailey   | Found a runed translucent gate.
  7125 | Bailey   | Found a runed translucent gate.
  7127 | Bailey   | Found a runed translucent gate.
  7149 | Bailey   | Reached skill level 5 in Axes
  7271 | Bailey   | HP: 5/108 [orc warlord/+4 broad axe (19)]
  7273 | Bailey   | Annihilated by an orc warlord

Illustrated notes

Levels and vault maps discovered:
D:1:      beargit_arrival_diablo_church, layout_basic
D:2:      minmay_roachtagon, layout_basic, uniq_crazy_yiuf_cottage, uniq_natasha
D:3:      layout_rooms, nemelex_spade_bored_becter,
          chequers_ecumenical_altar_simple, hex_medium, uniq_terence
D:4:      layout_basic, nzn_hepliaklqana_mist_gate, serial_co_window_serial,
          co_window_paths_a, co_window_corner_a, co_window_corner_a,
          co_window_paths_b, co_window_paths_b, co_window_of_opportunity_c,
          co_window_cross_2, co_window_corner_cb, co_window_corner_b,
          co_window_corner_b, co_window_unsneaky_path_c, co_window_2corner,
          co_window_paths_d, glass_columns_c, glass_columns_a, glass_columns_b,
          glass_columns_b
D:5:      layout_rooms, old_standard_altar, uniq_eustachio
D:6:      layout_layer_cave, makhleb_heckhound_becter, uniq_maggie,
          uniq_blork_the_orc
D:7:      layout_loops_ring
D:8:      layout_rooms, nicolae_tso_carved_into_rock, serial_shops,
          nicolae_shop_window_shopping, nzn_ghost_randoct, enter_bailey_3
Temple:   nicolae_temple_superstar
Bailey:   bailey_axe_bossmonster_kennysheep, bailey

Skill      XL: |  1  2  3  4  5  6  7  8  9 |
---------------+----------------------------+-----
Dodging        | 2 3 4 |  4.8
Stealth        | 2 3 4 |  4.3
Staves         | 1 3 5 6 7 |  7.3
Spellcasting   | 3 |  3.7
Air Magic      | 4 |  4.0
Throwing       | 1 2 3 4 |  4.3
Fighting       | 1 2 3 4 |  4.4
Axes           | 1 5 |  5.2
Conjurations   | |  1.5
Evocations     | |  0.8

Action                     |  1- 3 |  4- 6 |  7- 9 || total
---------------------------+-------+-------+-------++-------
  Melee: Unarmed           |    18 |       |       ||    18
         Tailslap          |     6 |    15 |    28 ||    49
         Staff             |    44 |    49 |       ||    93
         Punch             |     1 |     1 |       ||     2
         Quarterstaff      |       |    72 |   198 ||   270
         War axe           |       |       |    95 ||    95
  Throw: Javelin           |    11 |    15 |    14 ||    40
         Dart              |       |    21 |    52 ||    73
         Boomerang         |       |       |     4 ||     4
   Cast: Shock             |    36 |    28 |       ||    64
         Swiftness         |       |     4 |       ||     4
         Static Discharge  |       |     2 |       ||     2
 Invoke: Berserk           |       |       |     7 ||     7
Ability: Breathe Dispellin |       |       |    12 ||    12
  Evoke: Wand              |       |       |     8 ||     8
    Use: Potion            |       |     4 |     3 ||     7
         Scroll            |       |     9 |     8 ||    17
   Stab: Sleeping          |     4 |     2 |     7 ||    13
         Paralysed         |       |       |     2 ||     2
         Distracted        |       |       |     1 ||     1
 Armour: Skin              |    37 |    53 |    94 ||   184
  Dodge: Dodged            |    62 |   104 |   191 ||   357
